 Dungeon Crawl Stone Soup version 0.29.1-13-g9f3cf754e1 (webtiles) character file.

Game seed: 8150083424958430230

2098 leafyfresh the Nimble (level 9, -14/57 HPs)
             Began as a Djinni Ice Elementalist on Feb 7, 2023.
             Was a Follower of Ru.
             Demolished by a boulder beetle (20 damage)
             ... on level 7 of the Dungeon.
             The game lasted 00:27:53 (10453 turns).

leafyfresh the Nimble (Djinni Ice Elementalist)    Turns: 10453, Time: 00:27:53

Health: -14/57     AC: 14    Str:  7    XL:     9   Next: 52%
Gold:   227        EV: 16    Int: 23    God:    Ru [*.....] SH:  5 Dex: 14

rFire   + + .      SeeInvis .   e - +1 whip (elec)
rCold   . . .      Faith    .   (no shield)
rNeg    . . .      Spirit   .   C - +2 robe {rC+}
rPois   ∞          Reflect  +   A - +2 helmet of Life {Int+2}
rElec   .          Harm     .   I - +0 cloak
rCorr   .          Rampage  .   z - +1 pair of gloves
Will    .....                   (boots unavailable)
Stlth   ++........              t - amulet of reflection
HPRegen 0.19/turn               K - +4 ring of protection
MPRegen 0.00/turn               (no ring)

@: about to teleport, flying
A: sickness immunity, fire resistance 2, cold vulnerability 1, weak-willed 1,
float, innate caster, HP casting, extra vitality 1
a: Renounce Religion


You were on level 7 of the Dungeon.
You worshipped Ru.
Ru was aware of your devotion.
You visited 2 branches of the dungeon, and saw 8 of its levels.
You also visited: Ossuary.

You collected 227 gold pieces.

Inventory:

Hand Weapons
 e - a +1 whip of electrocution (weapon)
 p - a +0 antimagic short sword
 G - a +0 hand crossbow
 O - a +2 scimitar of holy wrath
Missiles
 h - 5 atropa-tipped darts (quivered)
 l - a throwing net
Armour
 z - a +1 pair of gloves (worn)
 A - the +2 helmet of Life (worn) {Int+2}
   (You found it on level 4 of the Dungeon)

   Int:       It affects your intelligence (+2).
 C - a +2 robe of cold resistance (worn)
 I - a +0 cloak (worn)
Jewellery
 o - an amulet of the acrobat
 t - an amulet of reflection (around neck)
 K - a +4 ring of protection (left hand)
 L - a +6 ring of strength
Wands
 g - a wand of mindburst (17)
 y - a wand of acid (4)
 N - a wand of digging (7)
 P - a wand of roots (3)
Scrolls
 c - 4 scrolls of immolation
 i - a scroll of enchant weapon
 j - 3 scrolls of magic mapping
 m - 2 scrolls of butterflies
 r - a scroll of amnesia
 s - 4 scrolls of teleportation
 u - a scroll of silence
 v - a scroll of vulnerability
 B - 3 scrolls of identify
 Q - a scroll of poison {unknown}
Potions
 a - a potion of magic
 b - 4 potions of attraction
 d - 3 potions of might
 f - a potion of brilliance
 k - 4 potions of curing
 n - a potion of lignification {unknown}
 q - 2 potions of flight
 w - 2 potions of heal wounds
 x - 2 potions of mutation {unknown}
 D - 3 potions of resistance {unknown}
 E - a potion of haste {unknown}
 F - a potion of ambrosia {unknown}
 J - a potion of degeneration {unknown}
 M - a potion of invisibility {unknown}
Miscellaneous
 H - a piece from Xom's chessboard (15/15)


   Skills:
 + Level 1.3 Fighting
 - Level 9.1 Dodging
 + Level 2.2 Stealth
 + Level 7.2 Spellcasting
 + Level 1.3 Evocations


You had one spell level left.
You knew the following spells:

 Your Spells              Type           Power      Damage    Failure   Level
a - Freeze                Ice            100%       1d11      1%          1
b - Frozen Ramparts       Ice            82%        1d13      1%          3
c - Ozocubu's Armour      Ice            41%        N/A       1%          3
d - Hailstorm             Conj/Ice       41%        3d10      3%          4
e - Sting                 Tmut/Pois      100%       1d8       1%          1
f - Passwall              Tmut/Erth      34%        N/A       1%          2
g - Conjure Flame         Conj/Fire      41%        6-21      1%          3
h - Passage of Golubria   Tloc           41%        N/A       3%          4
Your spell library was empty.

Dungeon Overview and Level Annotations

Branches:
Dungeon (7/15)             Temple (1/1) D:4         Ossuary (visited)

Altars:
Ashenzari
Elyvilon
Fedhas
Gozag
Hepliaklqana
Okawaru
Qazlal
Ru
Trog
Xom
Yredelemnul
Zin
The Shining One

Shops:
D:1 ?   D:3 *   D:5 !

Annotations:
D:4 1 runed translucent door


Innate Abilities, Weirdness & Mutations

You are immune to sickness and miasma.
You are immune to poison.
Your flesh is very heat resistant. (rF++)
You are vulnerable to cold. (rC-)
You are slightly weak-willed. (Will-)
You float through the air rather than walking.
You learn spells naturally, not from books.
Your magical power is your life essence.
You have superior vitality. (+4 MHP)


Message History

Casting: Hailstorm (dangerous; 4% risk of failure)
Press: ? - help, Dir - look around, f - activate A cannonade of hail descends around you!
The hail pelts the sky beast!!
You kill the sky beast!
Unknown command.
Unknown command.
A boulder beetle comes into view.
Your icy armour and frozen ramparts will break if you move.
Continue? [Y]es or [N]o only, please.
Your icy armour and frozen ramparts will break if you move.
Continue? [Y]es or [N]o only, please.
Your icy armour and frozen ramparts will break if you move.
Continue? [Y]es or [N]o only, please.
Your icy armour and frozen ramparts will break if you move.
Continue?
Okay, then.
Casting: Hailstorm (dangerous; 3% risk of failure)
Confirm with . or Enter, or press ? or * to list all spells.
You can't see any susceptible monsters within range! (Use Z to cast anyway.) Unknown command.
Your icy armour and frozen ramparts will break if you move.
Continue?
Your icy armour cracks and falls away as you move.
The frozen ramparts melt away as you move.
Found a scroll labelled WUITAT SIROMN.
You see here a +0 hand axe.
You see here a scroll labelled WUITAT SIROMN.
Q - a scroll labelled WUITAT SIROMN The boulder beetle curls into a ball and begins rolling!
Unknown command.
As you read the scroll of teleportation, it crumbles to dust.
You feel strangely unstable.
As you read the scroll of identify, it crumbles to dust.
q - 2 potions of flight The boulder beetle hits you!!
Ouch! That really hurt!
* * * LOW HITPOINT WARNING * * *
The boulder beetle stops rolling and uncurls.
The boulder beetle attacks as you move away!
The boulder beetle bites you!!
You die...

*** **,****#
**,*,,,.#*******#####
##,***,#.,,,,,,,,,...# * #.#*
*#.,,,**#######.####
*****###*#.###.***,,,............
,,,,,....##.#.#######*######.####
,,,,,**#...)..°B@...# #....####
****,* ####))######.# #........ *
*,* #..# ####.#####...#####
****,* ###..# #...........##
**,,,*###!..B###.########.##
*,,,,...............## #.# #
,,***####.))#######..# #.# #
,,******♣...******#..# #.# #
,,**,*,♣.~~~,*,*,*#..# #.# *


You could see a boulder beetle.

Vanquished Creatures
  Sigmund (D:4)
  Edmund (D:5)
  3 sky beasts
  An ogre (D:6)
  A centaur (D:7)
  2 kobold brigands
  Blork the orc (D:4)
  A scorpion (D:6)
  4 water moccasin zombies (Ossuary)
  3 killer bees (D:4)
  A howler monkey (D:5)
  2 gnoll boudas
  A jelly (D:4)
  4 orc priests (D:7)
  3 iguanas
  An orc wizard (D:7)
  2 mummies (Ossuary)
  12 gnolls
  8 adders
  A shadow imp (D:6)
  2 white imps
  7 adder zombies (Ossuary)
  A worm (D:3)
  3 dart slugs
  24 orcs
  8 ball pythons
  5 endoplasms
  4 giant cockroaches
  4 gnoll zombies (Ossuary)
  5 goblins
  2 hobgoblins (D:1)
  8 jackals
  7 quokkas
  2 bats
  A frilled lizard (D:2)
  6 hobgoblin zombies (Ossuary)
  13 kobolds
  2 kobold zombies (Ossuary)
  2 orc zombies (Ossuary)
  3 rats
162 creatures vanquished.

Vanquished Creatures (others)
  An orc wizard (D:6)
1 creature vanquished.

Grand Total: 163 creatures vanquished

Notes
Turn   | Place    | Note
-------+----------+-------------------------------------------
     0 | D:1      | leafyfresh the Djinni Ice Elementalist began the quest for
                  | the Orb.
     0 | D:1      | leafyfresh set off with the following spells memorised:
                  | Freeze, Frozen Ramparts, Ozocubu's Armour, Hailstorm.
     0 | D:1      | Reached XP level 1. HP: 15/15 MP: 0/0
    81 | D:1      | Found Yfyopaqe's Magic Scroll Shop.
   317 | D:1      | Reached XP level 2. HP: 20/21 MP: 0/0
  1453 | D:1      | Reached skill level 3 in Dodging
  1453 | D:1      | Reached XP level 3. HP: 8/25 MP: 0/0
  1453 | D:1      | Learned a level 1 spell: Sting
  3203 | D:3      | Found Wudoec's Assorted Antiques.
  3231 | D:3      | Reached XP level 4. HP: 19/31 MP: 0/0
  4189 | D:3      | Found a faded altar of an unknown god.
  4782 | D:4      | Reached skill level 4 in Dodging
  4782 | D:4      | Reached XP level 5. HP: 27/35 MP: 0/0
  4782 | D:4      | Learned a level 2 spell: Passwall
  4981 | D:4      | Noticed Blork the orc
  4988 | D:4      | Killed Blork the orc
  5249 | D:4      | Reached XP level 6. HP: 34/40 MP: 0/0
  5318 | D:4      | Found a staircase to the Ecumenical Temple.
  5348 | Temple   | Entered the Ecumenical Temple
  5796 | Temple   | Became a worshipper of Ru the Awakened
  5876 | D:4      | Identified the +2 helmet of Life {Int+2}
  6010 | D:4      | Noticed Sigmund
  6054 | D:5      | Entered Level 5 of the Dungeon
  6054 | D:5      | Found Feris's Distillery.
  6115 | D:5      | Reached skill level 5 in Dodging
  6441 | D:5      | Reached XP level 7. HP: 39/45 MP: 0/0
  6441 | D:5      | Learned a level 3 spell: Conjure Flame
  6452 | D:5      | Reached skill level 5 in Spellcasting
  6655 | D:5      | Noticed Edmund
  6965 | D:5      | Killed Edmund
  6966 | D:5      | Reached skill level 6 in Dodging
  7062 | D:4      | Reached XP level 8. HP: 4/50 MP: 0/0
  7423 | D:4      | Found a runed translucent door.
  7441 | D:4      | Killed Sigmund
  7442 | D:4      | Reached skill level 7 in Dodging
  7552 | D:4      | You are sucked into a shaft and drop 3 floors!
  7576 | D:7      | Found a sand-covered staircase.
  7585 | Ossuary  | Entered an ossuary
  8807 | D:7      | Reached skill level 8 in Dodging
  8926 | D:6      | Gained mutation: You are slightly weak-willed. (Will-) [Ru
                  | sacrifice]
  8926 | D:6      | Reached * piety under Ru
  9103 | D:6      | Found a white marble altar of Elyvilon.
  9200 | D:6      | Found a glowing silver altar of Zin.
  9239 | D:6      | Reached XP level 9. HP: 48/55 MP: 0/0
  9239 | D:6      | Learned a level 4 spell: Passage of Golubria
  9604 | D:6      | Found an opulent altar of Gozag.
  9643 | D:6      | Found an iron altar of Okawaru.
 10115 | D:7      | Reached skill level 9 in Dodging
 10439 | D:7      | Reached skill level 1 in Fighting
 10439 | D:7      | Reached skill level 1 in Evocations
 10443 | D:7      | Noticed a boulder beetle
 10453 | D:7      | Demolished by a boulder beetle

Illustrated notes

Levels and vault maps discovered:
D:1:      tarquinn_simple_flora_water_c, layout_basic, serial_shops,
          nicolae_shop_hallway_plus, chequers_serial_rivers_small_a,
          nicolae_figureground_pulse
D:2:      layout_loops_ring, hangedman_abyss_or_decor_stabs,
          grunt_decor_resistance, minmay_curled_crystal, minmay_pentomino_x2
D:3:      layout_loops_cross, serial_shops, nicolae_shop_stone,
          shapermc_ecumenical_altar_pompeii, nicolae_eternal_life
D:4:      layout_loops_ring, nicolae_overflow_hidden_temple, temple_fountains,
          ebering_ghost_sewer_d, uniq_blork_the_orc, uniq_sigmund
D:5:      layout_loops_ring, serial_shops, shop, uniq_edmund
D:6:      layout_loops_corners, pdpol_temple_overflow_zin_treasury_gozag_greed,
          kennysheep_mini_moat, elyvilon_altar_5, minmay_misc_feat_roman
D:7:      nzn_winding_woodlands_small [nzn_winding_woodlands_5x15_lazy_stream,
          nzn_winding_woodlands_center_diamonds,
          nzn_winding_woodlands_5x15_pool], layout_loops_ring,
          mainiacjoe_overflow_24_doors, gammafunk_temple_overflow_statue,
          lightli_ossuary_entry_decrepit_ruins
Temple:   jpeg_temple_alley_garden

Skill      XL: |  1  2  3  4  5  6  7  8  9 |
---------------+----------------------------+-----
Dodging        | 3 4 5 6 8 9 |  9.1
Spellcasting   | 4 5 6 7 |  7.2
Fighting       | 1 |  1.3
Stealth        | 2 |  2.2
Evocations     | 1 |  1.3

Action                   |  1- 3 |  4- 6 |  7- 9 || total
-------------------------+-------+-------+-------++-------
Melee: Unarmed           |     7 |       |       ||     7
       Short sword       |    66 |    45 |       ||   111
       Punch             |       |     1 |     1 ||     2
       Whip              |       |     3 |   157 ||   160
Throw: Dart              |     1 |       |       ||     1
 Cast: Freeze            |    36 |    37 |     5 ||    78
       Frozen Ramparts   |       |    10 |    37 ||    47
       Ozocubu's Armour  |       |     5 |    10 ||    15
       Sting             |       |    12 |    54 ||    66
       Passwall          |       |       |     1 ||     1
       Hailstorm         |       |       |     4 ||     4
Invok: Sacrifice Essence |       |       |     1 ||     1
  Use: Scroll            |       |     8 |    10 ||    18
       Potion            |       |     1 |     2 ||     3
 Stab: Sleeping          |     3 |     1 |     1 ||     5
       Distracted        |       |     2 |       ||     2
Armor: Robe              |    12 |     8 |    48 ||    68
Dodge: Dodged            |    59 |    63 |   136 ||   258
Block: Other             |     2 |    22 |    38 ||    62
       Reflection        |       |     4 |     3 ||     7
